 Dungeon Crawl Stone Soup version 0.22-a0-553-g9358b0b (webtiles) character file.

2893 iamserjio the Martial Artist (level 9, -2/78 HPs)
             Began as a Black Draconian Monk on June 25, 2018.
             Was a Priest of Cheibriados.
             Slain by a komodo dragon (27 damage)
             ... on level 8 of the Dungeon.
             The game lasted 00:21:19 (2309 turns).

iamserjio the Martial Artist (Black Draconian Monk) Turns: 2309, Time: 00:21:20

Health: -2/78      AC:  7    Str: 21    XL:     9   Next: 48%
Magic:  8/13       EV: 16    Int: 21    God:    Cheibriados [***...]
Gold:   201        SH: 11    Dex: 27    Spells: 10/14 levels left

rFire    . . .     SeeInvis .   h - +4 long sword (elec)
rCold    . . .     Gourm    .   g - +0 buckler (curse)
rNeg     . . .     Faith    .   (armour unavailable)
rPois    .         Spirit   .   (helmet restricted)
rElec    +         Reflect  +   (no cloak)
rCorr    .         Harm     .   (no gloves)
MR       .....                  (no boots)
Stlth    ++........             c - +4 amulet of reflection
HPRegen  0.23/turn              t - ring of loudness (curse)
MPRegen  0.13/turn              (no ring)

@: short of breath, very slow
A: breathe lightning, unfitting armour, agile 2, screaming 2, electricity
resistance, cold-blooded, AC +7
a: Breathe Lightning, Bend Time, Temporal Distortion, Renounce Religion


You were on level 8 of the Dungeon.
You worshipped Cheibriados.
Cheibriados was most pleased with you.
You were very hungry.

You visited 1 branch of the dungeon, and saw 9 of its levels.

You collected 201 gold pieces.

Inventory:

Hand Weapons
 e - a +0 blowgun
 h - a +4 long sword of electrocution (weapon)
 l - a +0 hunting sling
Missiles
 m - 98 stones (quivered)
 o - 8 curare-tipped needles {!f}
 r - 8 javelins
Armour
 g - a cursed +0 buckler (worn)
Jewellery
 c - a +4 amulet of reflection (around neck)
 i - an uncursed amulet of rage
 s - an uncursed amulet of rage
 t - a cursed ring of loudness (left hand)
Wands
 k - a wand of flame (5)
Scrolls
 d - a scroll of acquirement {unknown}
 j - 2 scrolls of noise
 p - 5 scrolls of teleportation
 u - a scroll of remove curse {unknown}
Potions
 b - a potion of degeneration
 f - a potion of mutation
 n - a potion of lignification
 q - a potion of flight
 v - a potion of agility
Comestibles
 a - 12 rations


   Skills:
 + Level 6.4 Fighting
 + Level 4.5 Dodging
 - Level 1.7 Stealth
 - Level 4.0 Shields
 * Level 9.3 Unarmed Combat
 - Level 3.0 Spellcasting
 - Level 2.0 Hexes
 + Level 4.2 Invocations


You had 10 spell levels left.
You knew the following spells:

 Your Spells              Type           Power        Failure   Level  Hunger
a - Confusing Touch       Hex            ##....       6%          1    None
b - Confuse               Hex            ##......     17%         3    ###....

Your spell library contained the following spells:

 Spells                   Type           Power        Failure   Level  Hunger
 Throw Frost              Conj/Ice       #.....       21%         2    ##.....
 Freeze                   Ice            #...         13%         1    None
 Summon Ice Beast         Ice/Summ       #.......     78%         4    ####...
 Ozocubu's Armour         Chrm/Ice       #.......     36%         3    ###....
 Throw Icicle             Conj/Ice       #.......     78%         4    ####...
 Metabolic Englaciation   Hex/Ice        #.........   94%         5    ######.
 Petrify                  Tmut/Erth      #.......     78%         4    ####...
 Gell's Gravitas          Tloc           #.........   36%         3    ###....
 Yara's Violent Unravell  Hex/Tmut       #.........   94%         5    ######.


Dungeon Overview and Level Annotations

Branches:
Dungeon (9/15)             Temple (0/1) D:6            Lair (0/6) D:8
    Orc: D:9-12

Altars:
Cheibriados
Dithmenos
Elyvilon
Gozag
Kikubaaqudgha
Okawaru
Uskayaw
Vehumet
Wu Jian

Shops:
D:5 *   D:6 (

Annotations:
D:3 Sigmund
D:8 2 runed doors


Innate Abilities, Weirdness & Mutations

You can breathe wild blasts of lightning.
Your glossy black scales are hard. (AC +7)
You cannot fit into any form of body armour.
You are resistant to electric shocks. (rElec)
You are cold-blooded and may be slowed by cold attacks.
You are very agile. (Dex +4)
You sometimes yell uncontrollably at your foes.


Message History

You can feel time thicken for a moment.
You kill the hound!
Cheibriados thoroughly appreciates the change of pace.
Cheibriados raises the support of your attributes as your movement slows.
You kill the jackal!
Cheibriados appreciates the change of pace.
You feel somewhat more hungry.
You can no longer inflict damage on those overly hasty.
Cheibriados lowers the support of your attributes as your movement quickens.
The komodo dragon completely misses you.
You hit the komodo dragon.
You tail-slap the komodo dragon, but do no damage.
The komodo dragon is almost dead.
You block the komodo dragon's attack.
You completely miss the komodo dragon.
Your tail-slap misses the komodo dragon.
The komodo dragon is almost dead.
An ogre comes into view. It is wielding a giant club.
The komodo dragon bites you!!
You die...

................
................ ...
.........#.##... ...
.........#.# ... ..
...........###.. ..
#...####.....### .#
######.........##.#
# #
#P.PPP......#.##....
#
#PPPPPP....l@.....#
#PPP...PP........##
#PP.>.PPPPP......#
#PP...PPPPPP#....%..
##PPPPPPPPP###..####
########### ..# ....
.O.. ......


You could see a komodo dragon and an ogre (wandering).

Vanquished Creatures
  A troll (D:6)
  Prince Ribbit (D:5)
  A human (D:7)
  4 hogs (D:7)
  Edmund (D:5)
  A water moccasin (D:5)
  An orc warrior (D:7)
  A phantom (D:5)
  A sky beast (D:8)
  2 centaurs
  3 ogres
  A big kobold (D:7)
  A bullfrog (D:7)
  A scorpion (D:4)
  A howler monkey (D:5)
  A bullfrog zombie (D:7)
  2 crimson imps (D:5)
  A quasit (D:5)
  A hound (D:8)
  An orc priest (D:7)
  6 orc wizards
  A worker ant (D:4)
  A hound zombie (D:8)
  A hound skeleton (D:7)
  8 gnolls (D:2)
  2 worker ant zombies
  7 adders
  2 shadow imps (D:5)
  An ooze (D:6)
  An adder skeleton (D:5)
  2 dart slugs (D:4)
  4 leopard geckos
  17 orcs
  3 bats
  A giant cockroach (D:2)
  6 goblins
  6 hobgoblins
  A jackal (D:8)
  7 kobolds
  A quokka (D:4)
  A ball python zombie (D:5)
  3 frilled lizards
  2 leopard gecko skeletons
  A leopard gecko zombie (D:6)
112 creatures vanquished.

Vanquished Creatures (others)
  An orc (D:5)
  A goblin (D:5)
  A plant (D:8)
3 creatures vanquished.

Grand Total: 115 creatures vanquished

Notes
Turn   | Place    | Note
-------+----------+-------------------------------------------
     0 | D:1      | iamserjio the Draconian Monk began the quest for the Orb.
     0 | D:1      | Reached XP level 1. HP: 19/19 MP: 1/1
    35 | D:2      | Found a radiant altar of Vehumet.
    64 | D:2      | Found a shadowy altar of Dithmenos.
    93 | D:2      | Reached XP level 2. HP: 13/26 MP: 2/2
    94 | D:2      | Reached skill level 4 in Unarmed Combat
   139 | D:2      | Reached XP level 3. HP: 16/31 MP: 3/3
   203 | D:2      | Reached XP level 4. HP: 16/38 MP: 4/4
   204 | D:2      | Reached skill level 5 in Unarmed Combat
   224 | D:3      | Gained mutation: You are agile. (Dex +2) [potion of mutation]
   224 | D:3      | Gained mutation: You occasionally shout uncontrollably at your foes. [potion of mutation]
   224 | D:3      | Gained mutation: You sometimes yell uncontrollably at your foes. [potion of mutation]
   224 | D:3      | Gained mutation: You are very agile. (Dex +4) [potion of mutation]
   253 | D:3      | HP: 1/38 [hobgoblin/club (3)]
   260 | D:3      | Noticed Sigmund
   278 | D:2      | Reached XP level 5. HP: 3/45 MP: 5/5
   316 | D:2      | HP: 2/45 [gnoll/spear (7)]
   457 | D:4      | Found a snail-covered altar of Cheibriados.
   473 | D:4      | Became a worshipper of Cheibriados the Contemplative
   473 | D:4      | Reached * piety under Cheibriados
   473 | D:4      | Reached ** piety under Cheibriados
   521 | D:5      | Entered Level 5 of the Dungeon
   521 | D:5      | Noticed Prince Ribbit
   591 | D:4      | Reached skill level 6 in Unarmed Combat
   672 | D:4      | Reached XP level 6. HP: 24/52 MP: 6/6
   832 | D:4      | Found a hide-covered altar of Uskayaw.
   889 | D:5      | Found an opulent altar of Gozag.
   889 | D:5      | Found Gozag's Platinum Reserve.
   894 | D:4      | Found an ornate altar of the Wu Jian Council.
  1005 | D:5      | You fall through a shaft!
  1005 | D:6      | Found Ominuo's Weapon Shop.
  1036 | D:7      | Reached skill level 1 in Shields
  1075 | D:7      | Noticed an orc warrior
  1083 | D:7      | Reached skill level 7 in Unarmed Combat
  1083 | D:7      | Your scales start taking on a glossy black colour.
  1083 | D:7      | Reached XP level 7. HP: 42/59 MP: 7/7
  1083 | D:7      | Gained mutation: You are resistant to electric shocks. (rElec) [Black Draconian growth]
  1114 | D:8      | Found a large runed door.
  1114 | D:8      | Found a large runed door.
  1145 | D:6      | Reached skill level 1 in Invocations
  1179 | D:6      | Found an ancient bone altar of Kikubaaqudgha.
  1244 | D:6      | Learned a level 1 spell: Confusing Touch
  1251 | D:6      | Noticed a troll
  1256 | D:6      | Killed a troll
  1256 | D:6      | Reached skill level 5 in Fighting
  1256 | D:6      | Reached XP level 8. HP: 41/68 MP: 9/9
  1335 | D:5      | Noticed Edmund
  1338 | D:5      | Killed Edmund
  1338 | D:5      | Reached skill level 1 in Spellcasting
  1338 | D:5      | Reached skill level 1 in Hexes
  1346 | D:5      | Reached *** piety under Cheibriados
  1442 | D:5      | Killed Prince Ribbit
  1442 | D:5      | Reached skill level 8 in Unarmed Combat
  1485 | D:5      | Found an iron altar of Okawaru.
  1759 | D:6      | Found a staircase to the Ecumenical Temple.
  1850 | D:7      | Reached **** piety under Cheibriados
  1902 | D:7      | Reached XP level 9. HP: 75/75 MP: 12/12
  1917 | D:7      | Reached skill level 9 in Unarmed Combat
  2257 | D:7      | You fall through a shaft!
  2260 | D:8      | Found a white marble altar of Elyvilon.
  2286 | D:8      | Learned a level 3 spell: Confuse
  2290 | D:8      | Found a staircase to the Lair.
  2291 | D:8      | Noticed a komodo dragon
  2309 | D:8      | Slain by a komodo dragon

Vault maps used:
D:1:      dpeg_arrival_short_road, minmay_tree_intersection, minmay_tetromino_i2
D:2:      wad_pebble_path, grunt_dithmenos_smoke_and_mirrors,
          lemuel_crystal_altar, uniq_jessica
D:3:      serial_bayou, serial_bayou_ford_a, serial_bayou_shore_b,
          serial_bayou_pond_a, serial_bayou_pond_e,
          minmay_misc_feat_four_crosses, uniq_sigmund
D:4:      kennysheep_slug_shrine, nicolae_overflow_hidden_temple, first_ration,
          minmay_bisected
D:5:      okawaru_altar_gauntlet_db, nicolae_gozag_zags_fifth_avenue,
          uniq_prince_ribbit1, uniq_edmund, uniq_blork_the_orc
D:6:      kiku_gazebo_garden_becter, minmay_temple_entry_statues, serial_shops,
          nicolae_shop_waterfront
D:7:      grunt_livestock
D:8:      lemuel_doored_altar, nicolae_overflow_crystal_walls,
          david_lair_shrubbed, minmay_hollow_rounded_squares, uniq_erica,
          uniq_grum, uniq_gastronok
D:9:      nicolae_ru_path_of_blood, kennysheep_mini, uniq_maurice, uniq_joseph

Skill      XL: |  1  2  3  4  5  6  7  8  9 |
---------------+----------------------------+-----
Unarmed Combat | 4 5 6 7 8 9 |  9.3
Dodging        | 3 4 |  4.5
Fighting       | 4 5 6 |  6.4
Shields        | 1 2 3 4 |  4.0
Invocations    | 1 3 4 |  4.2
Spellcasting   | 2 3 |  3.0
Hexes          | 2 |  2.0
Stealth        | |  1.7

Action                   |  1- 3 |  4- 6 |  7- 9 || total
-------------------------+-------+-------+-------++-------
Melee: Long sword        |    31 |    99 |   117 ||   247
       Unarmed           |     9 |       |       ||     9
       Tailslap          |     7 |    20 |    39 ||    66
       Punch             |     1 |     2 |       ||     3
 Fire: Blowgun           |       |       |     3 ||     3
Throw: Stone             |       |       |     1 ||     1
Invok: Bend Time         |       |     1 |       ||     1
       Slouch            |       |       |     1 ||     1
 Abil: Breathe Lightning |       |       |     4 ||     4
  Use: Potion            |       |     3 |     2 ||     5
       Scroll            |       |     7 |     4 ||    11
 Stab: Sleeping          |       |     1 |     1 ||     2
  Eat: Chunk             |       |       |     2 ||     2
Armor: Skin              |    13 |    26 |    23 ||    62
Dodge: Dodged            |    27 |    72 |    76 ||   175
Block: Buckler           |       |    27 |    64 ||    91
       Reflection        |       |     1 |    10 ||    11
       Rpst.: Long sword |     7 |    15 |    24 ||    46

Table legend:
 A = Spawn XP
 B = Non-spawn XP
 C = Spawn XP percentage of total XP
 D = Spawn monster count
 E = Non-spawn monster count
 F = Spawn count percentage of total count
 G = Total turns spent on level
                    A         B        C        D         E        F      G
               +---------+---------+-------+---------+---------+-------+---------
         Total |       0 |    4134 |   0.0 |       0 |     114 |   0.0 |  2309
               +---------+---------+-------+---------+---------+-------+---------
           D:1 |       0 |       4 |   0.0 |       0 |       3 |   0.0 |    32
           D:2 |       0 |     131 |   0.0 |       0 |      17 |   0.0 |   263
           D:3 |       0 |      77 |   0.0 |       0 |      12 |   0.0 |   176
           D:4 |       0 |     232 |   0.0 |       0 |      13 |   0.0 |   409
           D:5 |       0 |    1334 |   0.0 |       0 |      33 |   0.0 |   575
           D:6 |       0 |     520 |   0.0 |       0 |       5 |   0.0 |   276
           D:7 |       0 |    1496 |   0.0 |       0 |      23 |   0.0 |   446
           D:8 |       0 |     340 |   0.0 |       0 |       8 |   0.0 |   112
               +---------+---------+-------+---------+---------+-------+---------
